Map: Orbital Shipyard

Players

TOP - Winner!

  • Race: Terran Terran
  • League: Master

Guru

  • Race: Zerg Zerg
  • League: Master

VOD

Have the link to the VOD?

Description

Time

  • Played on: Sept. 5, 2015, 4:28 p.m.
  • Length: 22:16
Show
View Real Time Build Order
Export as new Build Order

TOP Terran - Winner!

Build Orders: Liberator Opening, Reaper Expand, Mech, Siege Tank Drop 

Get SALT Encoding   

  12  0:01  SCV  
  13  0:13  SCV  
  14  0:19  Supply Depot  
  14  0:25  SCV  
  15  0:40  SCV  
  15  0:42  Barracks  
  16  0:45  Refinery  
  16  0:53  SCV  
  17  1:05  SCV  
  18  1:17  SCV  
  19  1:29  Reaper, Orbital Command  
  20  1:40  Command Center  
  20  1:48  Refinery  
  20  1:51  Supply Depot  
  20  1:56  SCV  
  21  2:01  Barracks Reactor  
  21  2:08  SCV  
  22  2:18  Factory  
  22  2:20  SCV  
  23  2:32  SCV  
  24  2:40  Marine x2  
  26  2:44  SCV  
  27  2:56  Orbital Command  
  27  2:58  Marine x2  
  28  3:00  SCV  
  28  3:03  Factory Tech Lab  
  28  3:05  Starport  
  30  3:12  SCV  
  31  3:16  Marine x2  
  33  3:21  Siege Tank  
  33  3:23  SCV  
  33  3:24  SCV  
  38  3:33  Marine  
  38  3:34  Marine  
  40  3:35  SCV  
  40  3:37  SCV  
  41  3:42  Medivac  
  41  3:47  SCV  
  44  3:52  SCV  
  44  3:54  Command Center  
  45  3:55  Liberator  
  45  3:56  Supply Depot  
  45  3:59  SCV  
  46  4:13  SCV x2  
  51  4:21  Hellion, Refinery x2  
  51  4:22  Hellion  
  55  4:24  Armory  
  55  4:25  SCV x2  
  57  4:37  SCV x2  
  59  4:47  Engineering Bay  
  59  4:49  SCV  
  58  4:54  Hellion x2  
  58  4:55  Liberator  
  62  5:04  SCV  
  63  5:09  SCV  
  63  5:10  Orbital Command  
  67  5:15  Factory  
  67  5:17  Factory  
  61  5:23  SCV  
  58  5:32  SCV, Hellion x2  
  58  5:35  SCV  
  64  5:38  Liberator  
  64  5:42  Orbital Command  
  64  5:44  SCV  
  64  5:47  SCV  
  64  5:54  Hellion x2  
  64  5:57  SCV  
  72  6:01  SCV  
  72  6:02  Missile Turret  
  68  6:07  Missile Turret  
  68  6:08  Missile Turret  
  68  6:10  Factory Tech Lab  
  68  6:11  Missile Turret  
  66  6:12  Barracks Reactor  
  66  6:15  Hellion x2  
  66  6:16  SCV, Thor  
  66  6:17  Missile Turret  
  74  6:19  SCV  
  74  6:21  Missile Turret  
  75  6:28  SCV  
  75  6:31  SCV  
  77  6:33  Thor  
  77  6:35  Supply Depot  
  80  6:40  SCV, Missile Turret  
  80  6:43  Hellion x2  
  85  6:50  Liberator x2  
  85  6:51  SCV  
  85  6:53  SCV x2  
  87  7:01  Thor  
  87  7:04  SCV  
  87  7:05  SCV  
  87  7:06  Hellion  
  87  7:07  Hellion  
  99  7:10  SCV  
  99  7:14  Missile Turret  
  100  7:22  Terran Vehicle Weapons Level 1  
  100  7:24  Supply Depot  
  100  7:25  Supply Depot  
  98  7:37  Supply Depot x3  
  98  7:46  SCV x3, Thor  
  98  7:47  Hellion  
  98  7:50  Supply Depot  
  98  7:51  Infernal Pre-Igniter  
  109  7:54  Missile Turret  
  109  7:55  Command Center  
  109  7:58  SCV x2, Siege Tank  
  109  7:59  Hellion, Liberator x2  
  109  8:00  Refinery  
  109  8:02  SCV  
  117  8:08  Hellion  
  117  8:10  SCV x2  
  121  8:17  Refinery  
  121  8:18  SCV  
  128  8:23  SCV  
  128  8:24  SCV  
  130  8:30  SCV  
  131  8:35  SCV  
  131  8:37  Hellion x2, Siege Tank  
  131  8:40  SCV  
  138  8:41  Factory  
  138  8:42  SCV  
  138  8:43  Supply Depot  
  138  8:47  SCV, Siege Tank  
  143  8:50  Liberator  
  143  8:52  SCV  
  143  8:54  SCV, Liberator  
  145  8:56  Factory  
  145  8:58  Hellion x2  
  145  8:59  Supply Depot  
  145  9:00  Supply Depot  
  145  9:01  SCV  
  150  9:09  Hellion  
  155  9:14  SCV x2  
  160  9:19  Hellion  
  160  9:20  Hellion x2  
  166  9:28  Factory Tech Lab  
  166  9:30  Siege Tank  
  169  9:33  Liberator  
  169  9:37  Command Center  
  169  9:38  Command Center  
  169  9:40  Hellion  
  169  9:42  Hellion x2  
  169  9:45  Factory Tech Lab  
  178  9:53  Siege Tank  
  178  9:58  Planetary Fortress  
  181  10:02  Siege Tank  
  181  10:03  Hellion x3  
  190  10:14  Siege Tank  
  193  10:24  Hellion  
  193  10:25  Siege Tank  
  195  10:37  Hellion, Siege Tank  
  195  10:41  Hellion  
  199  10:46  SCV  
  200  10:51  Orbital Command  
  198  11:25  Siege Tank x2  
  190  11:26  Hellion x2  
  190  11:32  Hellion, Siege Tank  
  185  11:45  Liberator x2  
  185  11:47  Hellion x2  
  185  11:53  Siege Tank  
  169  11:57  Siege Tank x2  
  175  12:02  Refinery  
  175  12:04  Hellion  
  175  12:05  Refinery  
  185  12:08  Hellion  
  185  12:12  Command Center  
  185  12:13  Missile Turret  
  185  12:14  Hellion, Missile Turret  
  187  12:16  Missile Turret  
  187  12:17  Missile Turret  
  187  12:25  Siege Tank x2  
  187  12:29  Siege Tank x2  
  199  12:31  Terran Vehicle Weapons Level 2  
  199  12:36  Liberator  
  199  12:38  Planetary Fortress  
  199  12:50  Hellion x2  
  195  12:55  Mag-Field Accelerator  
  198  13:07  Hi-Sec Auto Tracking  
  198  13:08  Starport  
  198  13:09  Missile Turret  
  198  13:11  Starport  
  198  13:12  Starport  
  198  13:14  Command Center  
  198  13:17  Command Center, Missile Turret  
  198  13:18  Missile Turret  
  198  13:33  Hellion  
  200  13:35  Sensor Tower  
  200  13:39  Command Center  
  198  13:58  Hellion  
  198  14:08  Siege Tank  
  198  14:09  Hellion x2, Siege Tank, Liberator x2  
  160  14:17  Cyclone  
  160  14:19  Hellion  
  162  14:30  Cyclone, Hellion  
  167  14:40  Hellion  
  167  14:41  Hellion, Siege Tank  
  171  14:49  Hellion  
  171  14:52  Hellion  
  175  14:58  Factory  
  175  14:59  Factory, Orbital Command  
  175  15:02  Hellion, Siege Tank x2  
  183  15:10  Siege Tank  
  183  15:13  Hellion, Siege Tank  
  191  15:15  Command Center  
  191  15:22  Viking x4  
  198  15:37  Viking  
  200  15:47  Terran Vehicle Weapons Level 3  
  200  16:02  Viking x2  
  136  16:04  Viking  
  198  16:06  Cyclone  
  198  16:08  Factory Tech Lab  
  198  16:09  Factory Tech Lab  
  197  16:14  Hellion  
  197  16:19  Missile Turret  
  200  16:29  Starport Reactor  
  198  16:42  Cyclone  
  198  16:44  Viking x2  
  198  16:45  Viking x2  
  200  16:58  Planetary Fortress, Sensor Tower  
  200  17:01  Missile Turret x2  
  200  17:02  Missile Turret  
  200  17:04  Refinery  
  200  17:20  Planetary Fortress  
  200  17:24  Refinery  
  197  17:48  Refinery  
  196  17:52  Viking x2, Refinery  
  196  17:54  Starport Reactor  
  195  18:15  Viking  
  195  18:16  Viking  
  195  18:19  Viking  
  181  18:22  Viking x2  
  171  18:33  Viking x2  
  143  18:37  Siege Tank x2  
  143  18:38  Hellion x2, Siege Tank  
  143  18:39  Hellion x3  
  138  18:45  Viking  
  138  18:46  Viking  
  140  18:49  Viking  
  140  18:52  Viking x2  
  146  18:59  Hellion x2  
  146  19:00  Siege Tank x2  
  146  19:01  Hellion  
  155  19:03  Viking  
  155  19:09  Hellion, Siege Tank  
  162  19:10  Viking  
  162  19:11  Hellion  
  162  19:15  Viking  
  162  19:16  Viking  
  170  19:19  Viking  
  170  19:20  Hellion x2  
  170  19:22  Siege Tank  
  179  19:31  Hellion  
  181  19:32  Hellion  
  181  19:39  Viking x2  
  181  19:43  Hellion x2, Viking, Siege Tank x2  
  191  19:51  Siege Tank  
  191  19:52  Hellion  
  196  19:54  Hellion  
  198  20:06  Siege Tank  
  193  20:36  Viking x2  
  193  20:41  Viking x4  
  172  20:44  Hellion x2, Siege Tank x2  
  172  20:46  Viking  
  172  20:47  Siege Tank  
  172  20:48  Hellion x2  
  163  20:51  Hellion  
  153  21:06  Hellion x2, Viking x2  
  153  21:10  Hellion x2  
  165  21:12  Hellion  
  165  21:16  Hellion x2  
  171  21:19  Siege Tank  
  174  21:27  Hellion x2  
  174  21:31  Hellion  
  171  21:33  Hellion  
  171  21:35  Viking  
  171  21:37  Siege Tank x2  
  156  21:49  Hellion x2  
Show
View Real Time Build Order
Export as new Build Order

Guru Zerg 

Build Orders: Hatch First 

Get SALT Encoding   

  12  0:01  Drone  
  13  0:08  Drone  
  14  0:17  Overlord  
  14  0:22  Extractor  
  14  0:23  Drone  
  15  0:36  Drone x2  
  17  0:51  Hatchery  
  17  0:54  Drone  
  17  1:08  Spawning Pool  
  17  1:09  Extractor  
  15  1:12  Drone  
  15  1:15  Drone  
  17  1:20  Drone  
  18  1:27  Drone  
  19  1:38  Overlord  
  19  1:50  Drone  
  20  1:58  Queen  
  20  1:59  Zergling x2  
  23  2:04  Queen  
  25  2:14  Hatchery  
  24  2:19  Metabolic Boost  
  24  2:22  Drone  
  25  2:26  Drone  
  26  2:31  Drone  
  26  2:33  Drone  
  28  2:38  Drone  
  28  2:42  Overlord  
  29  2:45  Drone  
  29  2:47  Drone  
  31  2:55  Queen  
  31  2:57  Drone  
  34  3:00  Drone  
  34  3:02  Drone  
  34  3:05  Drone  
  37  3:10  Drone x3  
  40  3:14  Drone  
  40  3:17  Drone  
  42  3:22  Lair, Drone  
  42  3:25  Extractor  
  42  3:27  Overlord  
  42  3:37  Overlord  
  42  3:38  Drone  
  42  3:39  Drone x2  
  45  3:45  Drone x3  
  48  3:49  Drone  
  48  3:50  Drone  
  48  3:53  Queen  
  52  3:56  Queen  
  52  3:57  Drone  
  52  3:59  Drone  
  56  4:03  Extractor x2  
  56  4:09  Drone  
  55  4:11  Overlord  
  55  4:20  Spire  
  55  4:21  Drone x2  
  55  4:23  Zergling x4  
  58  4:29  Overlord  
  58  4:32  Drone x3  
  58  4:35  Zergling x4  
  58  4:36  Zergling x2  
  58  4:38  Zergling x4  
  65  4:39  Zergling x2  
  65  4:40  Overlord  
  65  4:44  Overlord  
  66  4:48  Zergling x4  
  66  4:52  Zergling x4  
  67  4:55  Zergling x2  
  67  4:56  Zergling x2  
  67  4:58  Overlord  
  68  5:02  Overlord  
  68  5:04  Overlord  
  68  5:06  Zergling x4  
  69  5:08  Overlord  
  69  5:12  Queen  
  69  5:14  Drone x2  
  73  5:15  Drone  
  70  5:21  Overlord  
  67  5:32  Overlord  
  67  5:33  Mutalisk  
  67  5:34  Mutalisk x4  
  75  5:38  Mutalisk  
  77  5:43  Mutalisk  
  77  5:44  Mutalisk  
  77  5:45  Mutalisk  
  80  5:54  Queen x2  
  80  5:55  Mutalisk  
  84  6:00  Extractor  
  84  6:01  Extractor  
  79  6:06  Mutalisk  
  79  6:07  Queen  
  79  6:09  Drone  
  79  6:10  Drone x4  
  86  6:14  Drone x2  
  86  6:15  Drone x2  
  90  6:20  Zerg Flyer Weapons Level 1  
  91  6:25  Drone x2  
  91  6:26  Drone x2  
  91  6:29  Overlord  
  91  6:31  Drone  
  95  6:36  Overlord  
  95  6:40  Drone x2  
  95  6:46  Evolution Chamber  
  94  6:49  Overlord  
  94  6:50  Overlord  
  94  6:51  Drone  
  94  6:53  Overlord  
  93  7:08  Drone x2  
  95  7:09  Drone  
  95  7:10  Drone  
  95  7:13  Zerg Missile Weapons Level 1  
  97  7:17  Roach Warren  
  94  7:35  Hatchery  
  94  7:37  Overlord  
  93  7:41  Hatchery  
  92  7:53  Drone  
  92  7:54  Drone x7  
  92  7:55  Drone x6  
  92  7:56  Drone x2  
  92  7:58  Overlord  
  108  7:59  Glial Reconstitution  
  108  8:00  Roach x3  
  108  8:01  Overlord, Roach  
  108  8:04  Hatchery  
  108  8:05  Overlord  
  115  8:09  Overlord  
  115  8:11  Roach x2  
  119  8:14  Burrow, Drone  
  119  8:15  Evolution Chamber  
  119  8:18  Drone, Roach  
  122  8:20  Roach Warren  
  122  8:24  Roach x2  
  122  8:26  Extractor  
  124  8:28  Extractor  
  124  8:30  Roach  
  125  8:37  Roach x3  
  125  8:38  Roach x2  
  125  8:40  Roach  
  136  8:45  Roach  
  136  8:46  Zerg Ground Armor Level 1  
  138  8:51  Extractor  
  138  8:53  Roach x2  
  141  8:59  Roach x3  
  141  9:00  Roach x2  
  141  9:02  Roach  
  153  9:06  Roach  
  153  9:07  Roach  
  157  9:11  Roach x3  
  157  9:16  Roach x3  
  157  9:17  Roach  
  171  9:26  Zerg Flyer Weapons Level 2  
  171  9:28  Infestation Pit  
  171  9:29  Tunneling Claws  
  170  9:32  Drone x2  
  170  9:33  Drone x2  
  170  9:35  Roach x4  
  170  9:36  Drone  
  170  9:37  Drone x2  
  170  9:38  Roach x2  
  189  9:44  Ravager x9  
  189  9:45  Ravager x2  
  182  10:11  Ravager x10  
  182  10:12  Ravager x4  
  196  10:27  Corruptor x3  
  195  10:41  Drone x4  
  195  10:42  Drone  
  200  10:48  Unknown  
  197  11:05  Spore Crawler  
  197  11:08  Zerg Ground Armor Level 2, Zerg Missile Weapons Level 2  
  197  11:10  Spore Crawler  
  195  11:12  Spore Crawler  
  186  11:25  Corruptor x2  
  148  11:34  Drone x3  
  139  11:40  Drone  
  139  11:41  Drone x3  
  139  11:42  Drone x3  
  139  11:43  Drone x3  
  139  11:46  Drone x4  
  139  11:47  Drone  
  146  11:49  Drone x2  
  146  11:50  Drone  
  146  11:51  Drone x8  
  155  11:54  Drone  
  155  11:55  Drone x4  
  155  12:00  Hive, Drone x2  
  155  12:01  Drone x2  
  164  12:05  Queen  
  166  12:14  Overseer x2  
  166  12:16  Pneumatized Carapace  
  166  12:18  Corruptor x4  
  166  12:19  Corruptor x4  
  166  12:21  Drone x3  
  185  12:23  Drone x2  
  185  12:24  Drone  
  185  12:25  Spore Crawler  
  185  12:28  Spine Crawler  
  177  12:54  Drone x3  
  177  12:55  Drone x4  
  177  12:57  Drone  
  183  13:06  Spine Crawler  
  183  13:09  Drone x4, Spine Crawler  
  183  13:11  Drone, Spine Crawler  
  174  13:30  Drone x2, Greater Spire  
  174  13:31  Drone  
  177  13:35  Drone x2  
  177  13:36  Drone  
  180  13:54  Corruptor  
  180  13:55  Corruptor  
  180  13:57  Corruptor  
  180  13:58  Corruptor x3  
  147  14:57  Brood Lord x7  
  147  14:58  Queen, Brood Lord  
  147  14:59  Queen, Extractor x2  
  165  15:00  Drone  
  165  15:01  Drone  
  165  15:03  Drone  
  168  15:24  Infestor x2  
  168  15:26  Drone x4  
  173  15:50  Queen x2  
  173  15:51  Hatchery  
  173  15:52  Hatchery  
  160  16:06  Zerg Flyer Weapons Level 3  
  160  16:10  Queen  
  160  16:11  Queen  
  162  16:13  Drone  
  165  16:23  Infestor x2  
  161  16:44  Drone  
  161  16:45  Drone x3, Overlord  
  163  16:47  Corruptor  
  163  16:53  Drone  
  166  16:54  Drone x3  
  169  17:12  Corruptor  
  169  17:13  Corruptor  
  169  17:15  Drone  
  174  17:16  Drone  
  175  17:27  Drone x3  
  175  17:28  Drone x3  
  175  17:29  Drone  
  182  17:52  Corruptor  
  144  18:38  Corruptor  
  144  18:39  Corruptor x9  
  156  18:50  Drone, Extractor  
  156  18:51  Drone x3  
  156  18:55  Drone x3  
  161  18:56  Drone x5  
  161  18:57  Drone x2  
  161  19:00  Drone  
  161  19:01  Drone x13  
  182  19:04  Drone x3  
  185  19:12  Extractor  
  185  19:14  Spore Crawler  
  183  19:19  Overlord  
  183  19:23  Zerg Flyer Armor Level 1  
  167  19:46  Drone  
  167  19:47  Drone x4  
  171  19:57  Roach  
  171  19:58  Roach x10  
  192  20:07  Spine Crawler  
  191  20:16  Overlord  
  135  20:55  Roach  
  135  20:56  Roach x13  
  157  21:04  Overlord  
  154  21:09  Overlord  
  154  21:13  Hatchery  
  155  21:18  Roach x2  
  155  21:19  Roach x3  
  151  21:38  Roach x6  
  138  21:51  Roach x2  
  138  21:52  Roach  
Tags
 
Add a new tag
Caveats
  • Supply blocks, unpowered buildings, or Contaminate may cause inaccurate times.
  • Supply counts are checked every 10 seconds.